| TOP OF THE 1ST |
|
Mahoning Valley Scrappers batting - Pitching for Everett AquaSox : RHP Jose Albarran
|
|
Pitching: RHP Jose Albarran
|
|
|
Batting: LHB John Harring
|
0-0: Bunt missed! 0-1: Ground out 4-3 (Groundball, 4, EV 83.8 MPH)
|
|
Batting: RHB Juan Padilla
|
0-0: Ball 1-0: Swinging Strike 1-1: Foul Ball, location: 2F 1-2: Ground out 4-3 (Groundball, 4D, EV 108.8 MPH)
|
|
Batting: RHB Ryan Gautney
|
0-0: Ball 1-0: Foul Ball, location: 2F 1-1: Ground out 4-3 (Groundball, 13, EV 78.8 MPH)
|
| Top of the 1st over - 0 runs, 0 hits, 0 errors, 0 left on base; Mahoning Valley 0 - Everett 0 |
| BOTTOM OF THE 1ST |
|
Everett AquaSox batting - Pitching for Mahoning Valley Scrappers : RHP Joe Zeiset
|
|
Pitching: RHP Joe Zeiset
|
|
|
Batting: SHB Raghnall Ahearne
|
0-0: Ball 1-0: Called Strike 1-1: Called Strike 1-2: Foul Ball, location: 2F 1-2: Fly out, F8 (Flyball, 8RM, EV 78.8 MPH)
|
|
Batting: LHB Omar Colunga
|
0-0: Called Strike 0-1: Called Strike 0-2: Ball 1-2: Foul Ball, location: 2F 1-2: Foul Ball, location: 2F 1-2: Strikes out swinging
|
|
Batting: RHB John Peterson
|
0-0: Ball 1-0: Foul Ball, location: 2F 1-1: Fly out, F7 (Flyball, 7, EV 83.1 MPH)
|
| Bottom of the 1st over - 0 runs, 0 hits, 0 errors, 0 left on base; Mahoning Valley 0 - Everett 0 |
| TOP OF THE 2ND |
|
Mahoning Valley Scrappers batting - Pitching for Everett AquaSox : RHP Jose Albarran
|
|
Batting: LHB Devon Grant
|
0-0: Ball 1-0: DOUBLE (Flyball, 8RD, EV 90.6 MPH)
|
|
Batting: RHB Willie Gonzales
|
0-0: Ball 1-0: Ball 2-0: Ball 3-0: Base on Balls
|
|
Batting: RHB Jeremy Givens
|
0-0: Swinging Strike 0-1: Called Strike 0-2: Foul Ball, location: 2F 0-2: Strikes out swinging
|
|
Batting: RHB Ricky Cordova
|
0-0: Ball Devon Grant steals 3rd base Willie Gonzales to second 1-0: Ball 2-0: Ball 3-0: Base on Balls
|
|
Batting: RHB Blake Kelly
|
0-0: Ball 1-0: Ball 2-0: Called Strike 2-1: Grounds into double play, 4-6-3 (Groundball, 4, EV 92.5 MPH)
|
| Top of the 2nd over - 0 runs, 1 hit, 0 errors, 2 left on base; Mahoning Valley 0 - Everett 0 |
| BOTTOM OF THE 2ND |
|
Everett AquaSox batting - Pitching for Mahoning Valley Scrappers : RHP Joe Zeiset
|
|
Batting: RHB Robby Cuellar
|
0-0: Swinging Strike 0-1: Foul Ball, location: 2F 0-2: Strikes out swinging
|
|
Batting: LHB Kenny Gerrity
|
0-0: Foul Ball, location: 2F 0-1: Ball 1-1: Ground out 6-3 (Groundball, 6, EV 95.0 MPH)
|
|
Batting: LHB Ryan Rothenbach
|
0-0: Hit by Pitch
|
|
Batting: RHB Clay Statum
|
0-0: Ball 1-0: Ball 2-0: Ground out 4-3 (Groundball, 4, EV 84.4 MPH)
|
| Bottom of the 2nd over - 0 runs, 0 hits, 0 errors, 1 left on base; Mahoning Valley 0 - Everett 0 |
| TOP OF THE 3RD |
|
Mahoning Valley Scrappers batting - Pitching for Everett AquaSox : RHP Jose Albarran
|
|
Batting: RHB Gashie Chimsima
|
0-0: Ball 1-0: Ground out 6-3 (Groundball, P, EV 86.9 MPH)
|
|
Batting: LHB John Harring
|
0-0: Bunt for hit to 15S - play at first, batter safe!
|
|
Batting: RHB Juan Padilla
|
0-0: Ball John Harring steals 2nd base 1-0: Called Strike 1-1: Ball 2-1: SINGLE (Groundball, 34D, EV 110.0 MPH) John Harring to third Runner from 3rd tries for Home, SAFE, throw by RF to home
|
|
Batting: RHB Ryan Gautney
|
0-0: Ball Juan Padilla is caught stealing 2nd base 2-4 1-0: Called Strike 1-1: DOUBLE (Line Drive, 7LS, EV 91.9 MPH)
|
|
Batting: LHB Devon Grant
|
0-0: Ball 1-0: Foul Ball, location: 2F 1-1: Foul Ball, location: 2F 1-2: Fly out, F7 (Flyball, 78M, EV 88.8 MPH)
|
| Top of the 3rd over - 1 run, 3 hits, 0 errors, 1 left on base; Mahoning Valley 1 - Everett 0 |
| BOTTOM OF THE 3RD |
|
Everett AquaSox batting - Pitching for Mahoning Valley Scrappers : RHP Joe Zeiset
|
|
Batting: SHB Ryan Clark
|
0-0: Foul Ball, location: 2F 0-1: Ball 1-1: Swinging Strike 1-2: Strikes out looking
|
|
Batting: RHB Omar Solis
|
0-0: Ball 1-0: Foul Ball, location: 2F 1-1: Foul Ball, location: 2F 1-2: Ball 2-2: Ball 3-2: Strikes out swinging
|
|
Batting: SHB Raghnall Ahearne
|
0-0: Ball 1-0: Ball 2-0: Swinging Strike 2-1: Fly out, F9 (Flyball, 89M, EV 80.0 MPH)
|
| Bottom of the 3rd over - 0 runs, 0 hits, 0 errors, 0 left on base; Mahoning Valley 1 - Everett 0 |
| TOP OF THE 4TH |
|
Mahoning Valley Scrappers batting - Pitching for Everett AquaSox : RHP Jose Albarran
|
|
Batting: RHB Willie Gonzales
|
0-0: Ground out 4-3 (Groundball, 34, EV 83.1 MPH)
|
|
Batting: RHB Jeremy Givens
|
0-0: Called Strike 0-1: Ball 1-1: Called Strike 1-2: Ball 2-2: Fly out, F8 (Flyball, 8RD, EV 100.0 MPH)
|
|
Batting: RHB Ricky Cordova
|
0-0: Foul Ball, location: 2F 0-1: Ball 1-1: Swinging Strike 1-2: Ball 2-2: Strikes out looking
|
| Top of the 4th over - 0 runs, 0 hits, 0 errors, 0 left on base; Mahoning Valley 1 - Everett 0 |
| BOTTOM OF THE 4TH |
|
Everett AquaSox batting - Pitching for Mahoning Valley Scrappers : RHP Joe Zeiset
|
|
Batting: LHB Omar Colunga
|
0-0: Ball 1-0: Foul Ball, location: 2F 1-1: Swinging Strike 1-2: Foul Ball, location: 2F 1-2: Reached via error on a dropped throw from 1B, E1 (Groundball, 34, EV 85.6 MPH)
|
|
Batting: RHB John Peterson
|
0-0: Ball 1-0: Ball 2-0: Foul Ball, location: 2F 2-1: Swinging Strike 2-2: Ball 3-2: SINGLE (Line Drive, 89S, EV 110.0 MPH) Omar Colunga to second Runner from 2nd tries for 3rd, SAFE, no throw by RF
|
|
Batting: RHB Robby Cuellar
|
0-0: Ball 1-0: Ball 2-0: Fielders Choice at 2nd, 6-4 (Groundball, 6, EV 95.6 MPH) Omar Colunga scores
|
|
Batting: LHB Kenny Gerrity
|
0-0: Ball 1-0: Foul Ball, location: 2F 1-1: Ball 2-1: Fly out, F8 (Flyball, 8LM, EV 89.4 MPH)
|
|
Batting: LHB Ryan Rothenbach
|
0-0: Swinging Strike 0-1: Ground out 6-3 (Groundball, 56, EV 111.2 MPH)
|
| Bottom of the 4th over - 1 run, 1 hit, 1 error, 1 left on base; Mahoning Valley 1 - Everett 1 |
| TOP OF THE 5TH |
|
Mahoning Valley Scrappers batting - Pitching for Everett AquaSox : RHP Jose Albarran
|
|
Batting: RHB Blake Kelly
|
0-0: Ball 1-0: Ball 2-0: Foul Ball, location: 2F 2-1: Called Strike 2-2: Strikes out swinging
|
|
Batting: RHB Gashie Chimsima
|
0-0: Ball 1-0: Swinging Strike 1-1: Called Strike 1-2: Strikes out swinging wild pitch, reaches first!
|
|
Batting: LHB John Harring
|
0-0: Ball Gashie Chimsima is caught stealing 2nd base 2-6 1-0: Ball 2-0: Ball 3-0: Base on Balls
|
|
Batting: RHB Juan Padilla
|
0-0: Ball John Harring is caught stealing 2nd base 2-4
|
| Top of the 5th over - 0 runs, 0 hits, 0 errors, 0 left on base; Mahoning Valley 1 - Everett 1 |
| BOTTOM OF THE 5TH |
|
Everett AquaSox batting - Pitching for Mahoning Valley Scrappers : RHP Joe Zeiset
|
|
Batting: RHB Clay Statum
|
0-0: Ball 1-0: Ball 2-0: SINGLE (Line Drive, 78M, EV 108.8 MPH)
|
|
Batting: SHB Ryan Clark
|
0-0: Fly out, F3 (Line Drive, 3, EV 71.2 MPH) Lined into DP, U3 (Line Drive, 3, EV 68.1 MPH)
|
|
Batting: RHB Omar Solis
|
0-0: SINGLE (Groundball, 56D, EV 93.8 MPH)
|
|
Batting: SHB Raghnall Ahearne
|
0-0: Ball 1-0: Ball 2-0: Ball 3-0: Called Strike 3-1: Swinging Strike 3-2: Fly out, F4 (Line Drive, 4, EV 73.1 MPH)
|
| Bottom of the 5th over - 0 runs, 2 hits, 0 errors, 1 left on base; Mahoning Valley 1 - Everett 1 |
| TOP OF THE 6TH |
|
Mahoning Valley Scrappers batting - Pitching for Everett AquaSox : RHP Jose Albarran
|
|
Batting: RHB Juan Padilla
|
0-0: Swinging Strike 0-1: Foul Ball, location: 2F 0-2: Strikes out looking
|
|
Batting: RHB Ryan Gautney
|
0-0: Ball 1-0: Called Strike 1-1: Fly out, F1 (Popup, P, EV 79.4 MPH)
|
|
Batting: LHB Devon Grant
|
0-0: Ball 1-0: Called Strike 1-1: DOUBLE (Line Drive, 89M, EV 98.8 MPH)
|
|
Pitching: RHP Jason Childress
|
|
|
Batting: RHB Willie Gonzales
|
0-0: Swinging Strike 0-1: Ball 1-1: Ball 2-1: Called Strike 2-2: Strikes out swinging
|
| Top of the 6th over - 0 runs, 1 hit, 0 errors, 1 left on base; Mahoning Valley 1 - Everett 1 |
| BOTTOM OF THE 6TH |
|
Everett AquaSox batting - Pitching for Mahoning Valley Scrappers : RHP Joe Zeiset
|
|
Batting: LHB Omar Colunga
|
0-0: Ball 1-0: Called Strike 1-1: Called Strike 1-2: Ball 2-2: Ball 3-2: Foul Ball, location: 2F 3-2: Strikes out swinging
|
|
Pitching: LHP Victor Garcia
|
|
|
Batting: RHB John Peterson
|
0-0: Called Strike 0-1: Ball 1-1: Ball 2-1: Ball 3-1: Fly out, F7 (Flyball, 7, EV 84.4 MPH)
|
|
Batting: RHB Robby Cuellar
|
0-0: Fly out, F7 (Flyball, 7LD, EV 78.1 MPH)
|
| Bottom of the 6th over - 0 runs, 0 hits, 0 errors, 0 left on base; Mahoning Valley 1 - Everett 1 |
| TOP OF THE 7TH |
|
Mahoning Valley Scrappers batting - Pitching for Everett AquaSox : RHP Jason Childress
|
|
Batting: RHB Jeremy Givens
|
0-0: Called Strike 0-1: Ball 1-1: Ball 2-1: Ground out 6-3 (Groundball, 6, EV 97.5 MPH)
|
|
Batting: RHB Ricky Cordova
|
0-0: Called Strike 0-1: Ball 1-1: Ball 2-1: Ground out 6-3 (Groundball, 6S, EV 85.6 MPH)
|
|
Batting: RHB Blake Kelly
|
0-0: Ground out 6-3 (Groundball, 6, EV 92.5 MPH)
|
| Top of the 7th over - 0 runs, 0 hits, 0 errors, 0 left on base; Mahoning Valley 1 - Everett 1 |
| BOTTOM OF THE 7TH |
|
Everett AquaSox batting - Pitching for Mahoning Valley Scrappers : LHP Victor Garcia
|
|
Batting: LHB Kenny Gerrity
|
0-0: Ball 1-0: Swinging Strike 1-1: Ball 2-1: Foul Ball, location: 2F 2-2: Strikes out looking
|
|
Batting: LHB Ryan Rothenbach
|
0-0: DOUBLE (Line Drive, 7LS, EV 106.9 MPH)
|
|
Batting: RHB Clay Statum
|
0-0: Ball 1-0: Foul Ball, location: 2F 1-1: Ball Ryan Rothenbach steals 3rd base 2-1: Foul Ball, location: 2F 2-2: Fly out, F5 (Line Drive, 5, EV 68.1 MPH)
|
|
Batting: SHB Ryan Clark
|
0-0: Called Strike 0-1: Ball 1-1: Ball 2-1: Foul Ball, location: 2F 2-2: Ball 3-2: Base on Balls
|
|
Batting: RHB Omar Solis
|
0-0: Fielders Choice at 2nd, 6-4 (Groundball, 6, EV 90.6 MPH)
|
| Bottom of the 7th over - 0 runs, 1 hit, 0 errors, 2 left on base; Mahoning Valley 1 - Everett 1 |
| TOP OF THE 8TH |
|
Mahoning Valley Scrappers batting - Pitching for Everett AquaSox : RHP Jason Childress
|
|
Pitching: RHP Rob Henry
|
|
|
Batting: RHB Gashie Chimsima
|
0-0: Foul Ball, location: 2F 0-1: Ball 1-1: Foul Ball, location: 2F 1-2: Strikes out swinging, 2-3 out at first.
|
|
Batting: LHB John Harring
|
0-0: Called Strike 0-1: Ball 1-1: Ball 2-1: Foul Ball, location: 2F 2-2: SINGLE (Groundball, 56D, EV 102.5 MPH)
|
|
Batting: RHB Juan Padilla
|
0-0: Ball John Harring is caught stealing 2nd base 2-4 1-0: Swinging Strike 1-1: Called Strike 1-2: Ball 2-2: Ground out 4-3 (Groundball, 4, EV 101.9 MPH)
|
| Top of the 8th over - 0 runs, 1 hit, 0 errors, 0 left on base; Mahoning Valley 1 - Everett 1 |
| BOTTOM OF THE 8TH |
|
Everett AquaSox batting - Pitching for Mahoning Valley Scrappers : LHP Victor Garcia
|
|
Pitching: LHP J.J. Adkins
|
|
|
Batting: SHB Raghnall Ahearne
|
0-0: Called Strike 0-1: Foul Ball, location: 2F 0-2: Ball 1-2: Strikes out swinging
|
|
Batting: LHB Omar Colunga
|
0-0: Ball 1-0: Ground out 3-1 (Groundball, 34, EV 83.8 MPH)
|
|
Batting: RHB John Peterson
|
0-0: Ball 1-0: SOLO HOME RUN (Flyball, 78XD, EV 104.4 MPH), Distance : 415 ft
|
|
Batting: RHB Robby Cuellar
|
0-0: Ball 1-0: Foul Ball, location: 2F 1-1: Ball 2-1: Called Strike 2-2: Strikes out swinging
|
| Bottom of the 8th over - 1 run, 1 hit, 0 errors, 0 left on base; Mahoning Valley 1 - Everett 2 |
| TOP OF THE 9TH |
|
Mahoning Valley Scrappers batting - Pitching for Everett AquaSox : RHP Rob Henry
|
|
Pitching: LHP Sanjog Veera
|
|
|
Now at 1B: David Walker
|
|
|
Batting: RHB Ryan Gautney
|
0-0: Called Strike 0-1: DOUBLE (Line Drive, 9LS, EV 90.6 MPH)
|
|
Pinch Hitting: RHB Andy Lewis
|
0-0: Ball 1-0: Foul Ball, location: 2F 1-1: Swinging Strike 1-2: Foul Ball, location: 2F 1-2: Foul Ball, location: 2F 1-2: Ground out 6-3 (Groundball, 6D, EV 83.8 MPH)
|
|
Batting: RHB Willie Gonzales
|
0-0: Ball Passed Ball! Ryan Gautney to third 1-0: Foul Ball, location: 2F 1-1: Ball 2-1: Ball 3-1: SINGLE (Groundball, 56, EV 96.2 MPH) Ryan Gautney scores
|
|
Batting: RHB Jeremy Givens
|
0-0: Called Strike 0-1: Ball 1-1: Grounds into double play, 4-6-3 (Groundball, 4, EV 100.6 MPH)
|
| Top of the 9th over - 1 run, 2 hits, 0 errors, 0 left on base; Mahoning Valley 2 - Everett 2 |
| BOTTOM OF THE 9TH |
|
Everett AquaSox batting - Pitching for Mahoning Valley Scrappers : LHP J.J. Adkins
|
|
Pitching: RHP Jeff Degel
|
|
|
Now in LF: Andy Lewis
|
|
|
Now in CF: John Harring
|
|
|
Batting: LHB Kenny Gerrity
|
0-0: Reached on error, E8 (Flyball, 8LS, EV 83.8 MPH)
|
|
Batting: LHB Ryan Rothenbach
|
0-0: SINGLE (Groundball, 5S, EV 67.5 MPH) (infield hit) Kenny Gerrity to second
|
|
Batting: RHB Clay Statum
|
0-0: Called Strike 0-1: Ball 1-1: Foul Ball, location: 2F 1-2: SINGLE (Groundball, 34D, EV 101.9 MPH) Kenny Gerrity to third Ryan Rothenbach to second Runner from 3rd tries for Home, SAFE, throw by RF to home
|
| Bottom of the 9th over - 1 run, 2 hits, 1 error, 0 left on base; Mahoning Valley 2 - Everett 3 |
| |
|
Game Over ... Everett defeats Mahoning Valley, 3 to 2
|
|
|